 Dungeon Crawl Stone Soup version 0.28-a0-124-g73ec313a74 (webtiles) character file.

Game seed: 14088536106613980915

32 Gargoyl the Skirmisher (level 3, 0/35 HPs)
             Began as a Gnoll Abyssal Knight on Aug 15, 2021.
             Was a Follower of Lugonu.
             Slain by a kobold (20 damage)
             ... on level 1 of the Dungeon.
             The game lasted 00:00:59 (1026 turns).

Gargoyl the Skirmisher (Gnoll Abyssal Knight)       Turns: 1026, Time: 00:00:59

Health: 0/35       AC:  9    Str: 12    XL:     3   Next: 25%
Magic:  6/6        EV:  6    Int: 11    God:    Lugonu [*.....]
Gold:   43         SH:  0    Dex: 11    Spells: 3/3 levels left

rFire   . . .      SeeInvis .   a - +1 hand axe
rCold   . . .      Faith    .   (no shield)
rNeg    . . .      Spirit   .   c - +0 chain mail
rPois   .          Reflect  .   (no helmet)
rElec   .          Harm     .   (no cloak)
rCorr   .          Rampage  .   (no gloves)
Will    .....                   (no boots)
Stlth   ..........              (no amulet)
HPRegen 0.11/turn               (no ring)
MPRegen 0.10/turn               (no ring)

@: no status effects
A: fangs 1, strong nose, distributed training
a: Renounce Religion, Depart the Abyss


You were on level 1 of the Dungeon.
You worshipped Lugonu.
Lugonu was aware of your devotion.
You visited 1 branch of the dungeon, and saw 1 of its levels.
You visited the Abyss 1 time.

You collected 43 gold pieces.

Inventory:

Hand Weapons
 a - a +1 hand axe (weapon)
Armour
 b - a +0 leather armour
 c - a +0 chain mail (worn)
Jewellery
 g - an amulet of the acrobat
Scrolls
 d - a scroll of magic mapping {unknown}
Potions
 e - a potion of cancellation {unknown}
 f - a potion of flight {unknown}


   Skills:
 + Level 6.5 Fighting
 + Level 0.7 Short Blades
 + Level 0.7 Long Blades
 + Level 4.5 Axes
 + Level 0.7 Maces & Flails
 + Level 0.7 Polearms
 + Level 0.7 Staves
 + Level 0.7 Slings
 + Level 0.7 Bows
 + Level 0.7 Crossbows
 + Level 0.7 Throwing
 + Level 4.5 Armour
 + Level 2.6 Dodging
 + Level 0.7 Stealth
 + Level 0.7 Shields
 + Level 0.7 Unarmed Combat
 + Level 0.7 Spellcasting
 + Level 0.5 Conjurations
 + Level 0.5 Hexes
 + Level 0.5 Summonings
 + Level 0.5 Necromancy
 + Level 0.5 Translocations
 + Level 0.5 Transmutations
 + Level 0.5 Fire Magic
 + Level 0.5 Ice Magic
 + Level 0.5 Air Magic
 + Level 0.5 Earth Magic
 + Level 0.5 Poison Magic
 + Level 4.5 Invocations
 + Level 0.7 Evocations


You had 3 spell levels left.
You didn't know any spells.
Your spell library contained the following spells:

 Spells                   Type           Power      Damage    Failure   Level
 Pain                     Necr           4%         1d4       100%        1
 Agony                    Necr           1%         N/A       100%        5
 Alistair's Intoxication  Tmut/Pois      0%         N/A       100%        5
 Borgnjor's Vile Clutch   Necr/Erth      0%         N/A       100%        5
 Excruciating Wounds      Necr           0%         N/A       100%        5
 Eringya's Noxious Bog    Tmut/Pois      0%         N/A       100%        6


Dungeon Overview and Level Annotations

Branches:
Dungeon (1/15)

Altars:


Innate Abilities, Weirdness & Mutations

You have very sharp teeth.
Your uncanny sense of smell can sniff out nearby items.
Your experience applies equally to all skills.


Message History

The bat is moderately wounded.
The bat barely misses you. The bat hits you but does no damage.
The bat hits you but does no damage. The bat closely misses you.
Found 12 gold pieces.
You miss the bat. The bat barely misses you.
The bat hits you but does no damage. The bat hits you but does no damage.
Found a faded altar of an unknown god.
You hit the bat.
You kill the bat!
Lugonu accepts your kill.
You see here a bat corpse.
You now have 43 gold pieces (gained 15).
You see here a bat corpse.
A kobold comes into view.
It is wielding a +0 whip of electrocution.
The kobold shouts!
A kobold is nearby!
A kobold is nearby!
The kobold barely misses you.
You barely miss the kobold. The kobold hits you but does no damage.
You closely miss the kobold. Your bite misses the kobold.
The kobold barely misses you.
Your chain mail prevents you from hitting the kobold.
The kobold hits you but does no damage.
You are electrocuted!
You hit the kobold.
The kobold is severely wounded.
The kobold barely misses you.
Unknown command.
You barely miss the kobold.
The kobold is severely wounded.
The kobold barely misses you.
Unknown command.
You closely miss the kobold. You bite the kobold, but do no damage.
The kobold is severely wounded.
The kobold hits you with a +0 whip of electrocution.
You are electrocuted!!
Ouch! That really hurt!
You die...

...##.....^....#
.............#########
.............##......#
..........†..##......#
##..###......##......#
.....!........)......+
.........##..†.......#
##$......##..†.##'####
.......@.##....##.#
.......K###....##.#
........# #....##.#
##._###.# #....##.#
.... ..# #....##.# ###
### #....##.#
#....##.# ### #.# #..
#.# ##'#


You could see a kobold.

Vanquished Creatures
  A white imp (Abyss:1)
  2 dart slugs (D:1)
  An endoplasm (D:1)
  A goblin (D:1)
  5 hobgoblins (D:1)
  A quokka (D:1)
  A ball python (D:1)
  2 bats (D:1)
  4 kobolds (D:1)
  2 rats (D:1)
20 creatures vanquished.

Notes
Turn   | Place    | Note
-------+----------+-------------------------------------------
     0 | Abyss:1  | Gargoyl the Gnoll Abyssal Knight began the quest for the
                  | Orb.
     0 | Abyss:1  | Reached XP level 1. HP: 23/23 MP: 3/3
    39 | Abyss:1  | Found a corrupted altar of Lugonu.
   105 | Abyss:1  | Reached XP level 2. HP: 11/29 MP: 5/5
   166 | Abyss:1  | Noticed a worldbinder
   170 | Abyss:1  | Noticed a manticore
   171 | D:1      | Escaped the Abyss
   522 | D:1      | Reached * piety under Lugonu
   889 | D:1      | Reached XP level 3. HP: 26/35 MP: 6/6
  1001 | D:1      | Found a faded altar of an unknown god.
  1026 | D:1      | Slain by a kobold

Illustrated notes

Levels and vault maps discovered:
D:1:      dpeg_arrival_tiny_h, layout_basic, hellmonk_ecumenical_altar_lost_god,
          chequers_serial_rivers_small_3

Action                   || total
-------------------------++-------
Melee: Hand axe          ||    61
       Bite              ||     3
Invok: Depart the Abyss  ||     1
Armor: Chain mail        ||    58
Dodge: Dodged            ||    25

Table legend: (Time is in decaauts)
 A = Elapsed time spent in this place.
 B = Non-inter-level travel time spent in this place.
 C = Inter-level travel time spent in this place.
 D = Time resting spent in this place.
 E = Time spent auto-exploring this place.
 F = Levels seen in this place.
 G = Mean time per level.
                   A        B        C        D        E       F      G
               +--------+--------+--------+--------+--------+-----+--------+
         Total |   1034 |   1034 |      0 |    246 |    590 |   2 |  517.0 |
       Dungeon |    861 |    861 |      0 |    246 |    457 |   1 |  861.0 |
         Abyss |    172 |    172 |      0 |      0 |    133 |   1 |  172.0 |
               +--------+--------+--------+--------+--------+-----+--------+

Top non-repeatable levels by time:
     D:1: 861 daAuts
 Abyss:1: 172 daAuts
